 Dungeon Crawl Stone Soup version 0.19.0-20-gbc5f0c6 (webtiles) character file.

2126 uglyjohn the Cleaver (level 9, -2/66 HPs)
             Began as a Demonspawn Fighter on Nov 17, 2016.
             Was an Initiate of Makhleb.
             Slain by an ogre
             ... wielding a +0 giant club
              (24 damage)
             ... on level 7 of the Dungeon.
             The game lasted 00:09:24 (5398 turns).

uglyjohn the Cleaver (Demonspawn Fighter)           Turns: 5398, Time: 00:09:24

Health: -2/66      AC: 11    Str: 19    XL:     9   Next: 8%
Magic:  9/9        EV:  5    Int: 10    God:    Makhleb [......]
Gold:   326        SH:  9    Dex: 15    Spells: 0 memorised, 8 levels left

rFire  . . .     SeeInvis .     a - +0 war axe
rCold  + . .     Gourm    .     v - +0 chain mail
rNeg   . . .     Faith    .     c - +0 shield
rPois  .         Spirit   .     (helmet restricted)
rElec  .         Reflect  .     (no cloak)
rCorr  .         Harm     .     g - +0 pair of gloves
MR     .....                    (boots unavailable)
Stlth  ..........               (no amulet)
                                (no ring)
                                w - ring of wizardry

@: no status effects
A: antennae 1, hooves 3, rugged brown scales 1, agile 1, cold resistance 1,
powered by death 2
a: Renounce Religion


You were on level 7 of the Dungeon.
You worshipped Makhleb.
Makhleb was noncommittal.
You were hungry.

You visited 2 branches of the dungeon, and saw 8 of its levels.

You collected 326 gold pieces.

Inventory:

Hand Weapons
 a - a +0 war axe (weapon)
Armour
 b - a +0 scale mail
 c - a +0 shield (worn)
 g - a +0 pair of gloves (worn)
 v - a +0 chain mail (worn)
 E - a +0 pair of boots
Jewellery
 w - a ring of wizardry (left hand)
Wands
 h - a wand of iceblast (5/15)
 m - a wand of teleportation (9/9)
Scrolls
 e - a scroll of enchant weapon {unknown}
 k - 2 scrolls of blinking {unknown}
 l - a scroll of noise {unknown}
 p - 2 scrolls of teleportation {unknown}
 q - 2 scrolls of remove curse
 t - a scroll of fear {unknown}
 u - 2 scrolls of immolation
 x - 2 scrolls of magic mapping {unknown}
 y - 2 scrolls of recharging
 z - a scroll of fog {unknown}
 D - a scroll of amnesia {unknown}
Potions
 d - a potion of might
 o - 2 potions of brilliance
 r - a potion of resistance
 A - a potion of haste {unknown}
 B - a potion of agility {unknown}
 C - a potion of flight
Comestibles
 f - 4 bread rations
 j - 2 beef jerkies
 n - 5 fruits
 s - 3 meat rations


   Skills:
 - Level 4.0 Fighting
 + Level 10.4 Axes
 - Level 3.6 Armour
 - Level 2.6 Shields


You had 8 spell levels left.
You didn't know any spells.

Dungeon Overview and Level Annotations

Branches:
Dungeon (7/15)             Temple (1/1) D:7

Altars:
Ashenzari
Cheibriados
Dithmenos
Elyvilon
Fedhas
Gozag
Kikubaaqudgha
Makhleb
Okawaru
Qazlal
Ru
Sif Muna
Trog
Uskayaw
Vehumet
Xom
Yredelemnul
Zin
The Shining One

Shops:
D:4 *


Innate Abilities, Weirdness & Mutations

You have hooves in place of feet.
You are partially covered in rugged brown scales. (AC +1, +3% HP)
You regenerate health from kills.
You have a pair of small antennae on your head.
You are agile. (Dex +2)
Your flesh is cold resistant. (rC+)


Message History

You are feeling hungry.
There is a staircase back to the Dungeon here.
Found three altars.
Found a bloodstained altar of Trog and a white marble altar of Elyvilon.
Done exploring.
Done exploring.
Done exploring.
Done exploring.
There is a staircase back to the Dungeon here.
You climb upwards.
Welcome back to the Dungeon!
The ogre hits you with a giant club!
There is a staircase to the Ecumenical Temple, spattered with blood here.
You slash the ogre!
The ogre is moderately wounded.
The ogre hits you with a giant club!!
Your shield and chain mail prevent you from hitting the ogre.
You kick the ogre.
The ogre is heavily wounded.
The ogre hits you with a giant club!!
You die...

##.###..######## #.#
........O......# #.#
........#.####.###<#
.#......#.##.......#######.
##........................
#.###.#.##.#..#.########. #
#..#.##....#.#
#.#.#.#..O#.#.#
..###......@.#.# #%#
##....>........ ..
#.....).####### .##....##
...... ###.... ..... ###...


You could see an ogre.

Vanquished Creatures
  Pikel (D:6)
  Menkaure (D:6)
  A water moccasin (D:5)
  An orc warrior (D:6)
  A sky beast (D:5)
  A slave (D:6)
  A black bear (D:6)
  A phantom (D:5)
  2 ogres
  2 centaurs
  2 bullfrogs (D:6)
  A scorpion (D:4)
  3 howler monkeys
  2 crimson imps
  An orc priest (D:6)
  2 hounds
  A bullfrog skeleton (D:6)
  Ijyb (D:2)
  3 orc wizards
  2 hound skeletons
  A worker ant zombie (D:5)
  8 adders
  A worm (D:3)
  3 dart slugs
  6 leopard geckos
  11 orcs
  10 bats
  10 giant cockroaches
  4 goblins
  9 hobgoblins
  12 jackals
  2 quokkas
  A ball python (D:3)
  7 frilled lizards
  3 kobolds
  3 leopard gecko skeletons
  6 rats
127 creatures vanquished.

Notes
Turn   | Place    | Note
-------+----------+-------------------------------------------
     0 | D:1      | uglyjohn the Demonspawn Fighter began the quest for the Orb.
     0 | D:1      | Reached XP level 1. HP: 18/18 MP: 1/1
   319 | D:1      | Gained mutation: You regenerate a little health from kills. [demonic ancestry]
   319 | D:1      | Reached XP level 2. HP: 24/24 MP: 2/2
   764 | D:1      | Reached XP level 3. HP: 29/29 MP: 3/3
  1159 | D:2      | Gained mutation: You have large cloven feet. [demonic ancestry]
  1159 | D:2      | Reached XP level 4. HP: 24/37 MP: 4/4
  1396 | D:2      | Reached skill level 2 in Axes
  1477 | D:2      | Noticed Ijyb
  1498 | D:2      | Killed Ijyb
  1670 | D:2      | Found a stormy altar of Qazlal.
  1777 | D:3      | Found a shimmering altar of Xom.
  1786 | D:3      | Found a radiant altar of Vehumet.
  1787 | D:3      | Found a glowing golden altar of the Shining One.
  1787 | D:3      | Found a hide-covered altar of Uskayaw.
  1787 | D:3      | Found an ancient bone altar of Kikubaaqudgha.
  1790 | D:3      | Found a snail-covered altar of Cheibriados.
  1832 | D:3      | Found a faded altar of an unknown god.
  1858 | D:3      | Reached skill level 3 in Axes
  1946 | D:3      | Gained mutation: You are partially covered in rugged brown scales. (AC +1, +3% HP) [demonic ancestry]
  1946 | D:3      | Reached XP level 5. HP: 33/43 MP: 5/5
  1986 | D:3      | Found a deep blue altar of Sif Muna.
  2462 | D:4      | Reached skill level 4 in Axes
  2970 | D:4      | Gained mutation: You regenerate health from kills. [demonic ancestry]
  2970 | D:4      | Reached XP level 6. HP: 47/49 MP: 6/6
  2986 | D:4      | Found Ositwini's Assorted Antiques.
  3003 | D:5      | Entered Level 5 of the Dungeon
  3083 | D:5      | Reached skill level 5 in Axes
  3120 | D:4      | HP: 2/49 [poisoned by an orc]
  3459 | D:5      | Reached skill level 6 in Axes
  3459 | D:5      | Gained mutation: You have hoof-like feet. [demonic ancestry]
  3459 | D:5      | Reached XP level 7. HP: 33/55 MP: 7/7
  3680 | D:5      | Found a shadowy altar of Dithmenos.
  3752 | D:5      | Gained mutation: Your flesh is cold resistant. (rC+) [mutagenic meat]
  3753 | D:5      | Gained mutation: You are agile. (Dex +2) [mutagenic meat]
  3754 | D:5      | Gained mutation: You have a pair of small antennae on your head. [mutagenic meat]
  3925 | D:5      | Reached skill level 7 in Axes
  4240 | D:6      | Reached skill level 8 in Axes
  4240 | D:6      | Gained mutation: You have hooves in place of feet. [demonic ancestry]
  4240 | D:6      | Reached XP level 8. HP: 61/61 MP: 8/8
  4524 | D:6      | Noticed Pikel
  4545 | D:6      | Killed Pikel
  4545 | D:6      | Reached skill level 9 in Axes
  4568 | D:6      | Noticed Menkaure
  4580 | D:6      | Killed Menkaure
  4877 | D:6      | Reached skill level 10 in Axes
  4946 | D:6      | Reached XP level 9. HP: 27/66 MP: 9/9
  5292 | D:7      | Found a staircase to the Ecumenical Temple.
  5314 | Temple   | Entered the Ecumenical Temple
  5329 | Temple   | Became a worshipper of Makhleb the Destroyer
  5398 | D:7      | Slain by an ogre

Skill      XL: |  1  2  3  4  5  6  7  8 |
---------------+-------------------------+-----
Armour         | 3 |  3.6
Fighting       | 4 |  4.0
Axes           | 3 4 6 8 10 | 10.4
Shields        | |  2.6

Action                   |  1- 3 |  4- 6 |  7- 9 || total
-------------------------+-------+-------+-------++-------
Melee: War axe           |   119 |   246 |   217 ||   582
       Kick              |       |    41 |    33 ||    74
  Use: Scroll            |       |     5 |     3 ||     8
       Potion            |       |     2 |       ||     2
  Eat: Chunk             |     1 |     8 |     9 ||    18
Armor: Scale mail        |    51 |    54 |       ||   105
       Chain mail        |       |   126 |   129 ||   255
Dodge: Dodged            |    50 |    63 |    46 ||   159
Block: Shield            |    57 |   126 |   119 ||   302
